 Dungeon Crawl Stone Soup version 0.17.0-28-g6e173f8 (webtiles) character file.

49932 lucasterio the Impaler (level 14, 0/132 HPs)
             Began as a Minotaur Berserker on Nov 20, 2015.
             Was a High Priest of Trog.
             Slain by a vampire mosquito (4 damage)
             ... on level 7 of the Lair of Beasts on Nov 23, 2015.
             The game lasted 01:50:43 (18341 turns).

lucasterio the Impaler (Minotaur Berserker)        Turns: 18341, Time: 01:50:43

Health: 0/132      AC: 24    Str: 25    XL:     14   Next: 17%
Magic:  16/16      EV:  8    Int:  4    God:    Trog [*****.]
Gold:   910        SH:  0    Dex: 12    Spells: 0 memorised, 13 levels left

rFire  . . .     SeeInvis .     Z - +0 trident
rCold  . . .     Clarity  .     Q - +0 plate armour
rNeg   . . .     SustAt   .     (no shield)
rPois  .         Gourm    .     B - +1 hat
rElec  .         Spirit   .     u - +2 cloak
rCorr  .         Warding  .     (no gloves)
rMut   .         Rnd*Tele +     G - +0 pair of boots
MR     +....                    (no amulet)
Stlth  ..........               w - ring of teleportation (curse)
                                r - +2 ring of protection

@: exhausted, slowed, very slow, somewhat resistant to hostile enchantments,
extremely unstealthy
A: retaliatory headbutt, horns 2
a: Berserk, Trog's Hand, Brothers in Arms, Burn Spellbooks, Renounce Religion,
Evoke Teleportation


You were on level 7 of the Lair of Beasts.
You worshipped Trog.
Trog was extremely pleased with you.
You were hungry.

You visited 2 branches of the dungeon, and saw 18 of its levels.
You also visited: Volcano.

You collected 910 gold pieces.

Inventory:

Hand Weapons
 g - a +0 halberd of flaming
 X - the +1 shortbow of Iczub {venom, rC+}
   (Trog gifted it to you on level 4 of the Lair of Beasts)

   It poisons the ammo it fires.
   It protects you from cold.
 Y - the +2 quarterstaff of the Nexus {holy, rC+}
   (You found it on level 10 of the Dungeon)

   It has been blessed by the Shining One to cause great damage to the undead
   and demons.
   It protects you from cold.
 Z - a +0 trident (weapon)
Missiles
 j - 34 arrows of flame (quivered)
 l - 146 arrows
 W - 55 arrows of frost
Armour
 q - a -2 pair of gloves
 u - a +2 cloak (worn)
 B - a +1 hat (worn)
 G - a +0 pair of boots (worn)
 Q - a +0 plate armour (worn)
Jewellery
 a - an uncursed ring of poison resistance
 r - a +2 ring of protection (left hand)
 w - a cursed ring of teleportation (right hand)
 A - an uncursed ring of flight
 C - an uncursed ring of invisibility
Wands
 m - a wand of confusion (22)
 o - a wand of enslavement (11)
 z - a wand of fire (7)
 L - a wand of lightning (8)
 V - a wand of magic darts (20)
Scrolls
 b - 10 scrolls of remove curse
 d - a scroll of silence {unknown}
 e - 5 scrolls of teleportation {unknown}
 h - 5 scrolls of magic mapping
 i - 4 scrolls of enchant armour {unknown}
 n - 5 scrolls of fog {unknown}
 s - 2 scrolls of fear {unknown}
 t - 11 scrolls of identify
 F - 5 scrolls of immolation {unknown}
 H - 3 scrolls of recharging {unknown}
 J - 4 scrolls of amnesia {unknown}
 M - 2 scrolls of acquirement {unknown}
 N - 3 scrolls of enchant weapon {unknown}
 O - 3 scrolls of random uselessness {unknown}
Potions
 c - a potion of flight {unknown}
 f - 3 potions of invisibility
 k - 4 potions of lignification {unknown}
 p - 5 potions of heal wounds
 v - 3 potions of ambrosia {unknown}
 D - 10 potions of curing
 I - 3 potions of cancellation {unknown}
 P - 2 potions of degeneration {unknown}
 T - 4 potions of agility
Miscellaneous
 K - a fan of gales
Comestibles
 x - 4 chunks of flesh
 U - 10 royal jellies


   Skills:
 + Level 14.1 Fighting
 * Level 18.7 Polearms
 + Level 8.1 Bows
 + Level 13.5 Armour
 - Level 2.1 Dodging
 - Level 4.1 Evocations


You had 13 spell levels left.
You didn't know any spells.

Dungeon Overview and Level Annotations

Branches:
Dungeon (10/15)            Temple (0/1) D:6            Lair (8/8) D:9
 Shoals (0/4) Lair:4       Spider (0/4) Lair:4          Orc (0/4) D:10
  Slime: Lair:6-8

Altars:
Ashenzari
Cheibriados
Dithmenos
Gozag
Makhleb
Nemelex Xobeh
Okawaru
Ru
Sif Muna
Trog
Vehumet
Zin
The Shining One


Innate Abilities, Weirdness & Mutations

You reflexively headbutt those who attack you in melee.
You have a pair of horns on your head.


Message History

The spiny frog stings you but does no damage.
The spiny frog barely misses you. The vampire mosquito barely misses you.
Your ogre goes berserk!
You feel somewhat more hungry.
The vampire mosquito bites you but does no damage. x2
The vampire mosquito bites you.
* * * LOW HITPOINT WARNING * * *
The vampire mosquito draws strength from your injuries!
The spiny frog stings you!
* * * LOW HITPOINT WARNING * * *
The vampire mosquito bites you but does no damage.
The spiny frog stings you!
* * * LOW HITPOINT WARNING * * *
The vampire mosquito barely misses you. You furiously retaliate!
You headbutt the vampire mosquito. The spiny frog stings you.
* * * LOW HITPOINT WARNING * * *
The vampire mosquito barely misses you.
The spiny frog stings you but does no damage.
The vampire mosquito bites you.
You die...

................P......#
.............>.........#
.......................#
...............†......##
..#..#.................#
######.........w......##
# ##.#......[.F.......#
###P.#........Fyy.....##
................@O....P#
....#..#...............#
..##.###...............#
..####.#..............P#
....#P...............P##
.....................PP#
##P.........P........P.#
.#........PPP#.PP..P..##
.............P........###


You could see a giant leech, 2 spiny frogs, 2 vampire mosquitoes and a friendly
ogre (berserk).

Vanquished Creatures
  The ghost of AAAAA the Basher, a journeyman OgGl of Makhleb (D:10)
  6 hydras
  15 death yaks
  3 hill giants (D:10)
  Pikel (D:6)
  A lindwurm (Lair:7)
  8 elephants
  Joseph (Lair:1)
  2 centaur skeletons (D:10)
  Psyche (D:9)
  3 gargoyles (Volcano)
  5 black mambas
  19 spiny frogs
  10 komodo dragons
  4 polar bears (Lair:2)
  Prince Ribbit (D:9)
  A boulder beetle (Lair:7)
  2 trolls (D:10)
  8 blink frogs
  A snapping turtle (Lair:4)
  2 deep elf magi
  17 yaks
  3 wyverns
  7 hippogriffs
  2 hill giant zombies (D:10)
  A deep elf fighter (D:9)
  2 soldier ants (D:10)
  2 vampire mosquitoes
  Menkaure (D:7)
  4 wolves
  2 hungry ghosts
  11 water moccasins
  4 orc warriors
  15 porcupines
  Duvessa (D:6)
  3 black bears (Lair:2)
  A wasp (Lair:4)
  5 phantoms
  9 spiders (Lair:4)
  4 ogres
  3 sky beasts
  2 ice beasts
  2 centaurs
  16 crocodiles
  Dowan (D:6)
  A wyvern zombie (D:9)
  14 giant frogs
  A scorpion (D:4)
  2 troll zombies (D:10)
  4 killer bees (D:9)
  6 electric eels
  A quasit (D:9)
  6 crimson imps
  3 hounds
  5 iguanas
  4 orc priests
  A jelly (D:6)
  4 giant frog skeletons
  9 orc wizards
  16 worker ants
  12 sheep
  4 ogre zombies (D:10)
  A hound skeleton (D:5)
  2 gnolls (D:3)
  10 adders
  35 river rats
  A shadow imp (D:5)
  2 oozes (D:3)
  3 worms
  4 adder skeletons
  An adder zombie (D:5)
  25 orcs
  A ball python (D:2)
  2 giant cockroaches
  10 hobgoblins
  10 kobolds
  8 quokkas
  12 bats
  6 giant geckos
  2 giant gecko skeletons
  5 giant newts
  10 goblins
  3 goblin zombies (D:10)
  2 hobgoblin skeletons (D:10)
  3 hobgoblin zombies (D:10)
  7 jackals
  3 orc skeletons (D:10)
  14 orc zombies (D:10)
  24 rats
512 creatures vanquished.

Vanquished Creatures (collateral kills)
  An elephant (Lair:7)
  An efreet (Volcano)
  3 wolves (Lair:4)
5 creatures vanquished.

Vanquished Creatures (others)
  A giant frog zombie (D:6)
  A quokka (D:6)
  4 fungi
  6 plants
12 creatures vanquished.

Grand Total: 529 creatures vanquished

Notes
Turn   | Place    | Note
--------------------------------------------------------------
     0 | D:1      | lucasterio the Minotaur Berserker began the quest for the Orb.
     0 | D:1      | Reached XP level 1. HP: 19/19 MP: 0/0
   151 | D:1      | Reached skill level 4 in Polearms
   205 | D:1      | Reached XP level 2. HP: 27/27 MP: 1/1
   675 | D:2      | Reached XP level 3. HP: 33/33 MP: 2/2
   818 | D:2      | Found a burning altar of Makhleb.
   844 | D:2      | Reached skill level 5 in Polearms
   844 | D:2      | Reached XP level 4. HP: 31/40 MP: 3/3
   874 | D:2      | Reached ** piety under Trog
  1585 | D:3      | Reached XP level 5. HP: 17/47 MP: 4/4
  1589 | D:3      | Reached skill level 5 in Fighting
  1673 | D:3      | Reached skill level 6 in Polearms
  1886 | D:3      | Reached XP level 6. HP: 56/56 MP: 5/5
  2076 | D:3      | Found a shadowy altar of Dithmenos.
  2126 | D:3      | Reached *** piety under Trog
  2822 | D:4      | Found a sacrificial altar of Ru.
  3101 | D:4      | Reached skill level 7 in Polearms
  3195 | D:4      | Reached XP level 7. HP: 46/63 MP: 6/6
  3285 | D:4      | Reached skill level 5 in Armour
  3496 | D:5      | Entered Level 5 of the Dungeon
  3620 | D:5      | Reached skill level 8 in Polearms
  3851 | D:5      | Reached XP level 8. HP: 71/71 MP: 7/7
  3925 | D:6      | Found a glowing silver altar of Zin.
  3998 | D:6      | Found a staircase to the Ecumenical Temple.
  4107 | D:6      | Noticed Duvessa
  4116 | D:6      | Noticed Dowan
  4117 | D:6      | Killed Duvessa
  4117 | D:6      | Reached skill level 9 in Polearms
  4120 | D:6      | Killed Dowan
  4328 | D:6      | Noticed Pikel
  4338 | D:6      | Killed Pikel
  4338 | D:6      | Reached skill level 10 in Polearms
  4718 | D:7      | Found a radiant altar of Vehumet.
  4879 | D:7      | Reached XP level 9. HP: 62/81 MP: 8/8
  4979 | D:7      | Noticed Menkaure
  4986 | D:7      | Killed Menkaure
  5038 | D:7      | Found a deep blue altar of Sif Muna.
  5091 | D:7      | Reached skill level 11 in Polearms
  5364 | D:8      | Reached **** piety under Trog
  5451 | D:8      | Found an iron altar of Okawaru.
  5820 | D:8      | Found a glowing golden altar of the Shining One.
  5938 | D:8      | Found a sparkling altar of Nemelex Xobeh.
  5940 | D:8      | Found a shadowy altar of Dithmenos.
  5967 | D:8      | Found an opulent altar of Gozag.
  5968 | D:8      | Found a snail-covered altar of Cheibriados.
  5971 | D:8      | Found a shattered altar of Ashenzari.
  6091 | D:9      | Noticed Prince Ribbit
  6099 | D:9      | Killed Prince Ribbit
  6099 | D:9      | Reached skill level 12 in Polearms
  6116 | D:9      | Reached XP level 10. HP: 91/91 MP: 9/9
  6341 | D:9      | Reached ***** piety under Trog
  6352 | D:9      | Reached skill level 13 in Polearms
  6483 | D:9      | Found a staircase to the Lair.
  6578 | D:9      | Found a bloodstained altar of Trog.
  6597 | D:9      | Reached skill level 10 in Fighting
  6718 | D:9      | Noticed Psyche
  6728 | D:9      | Killed Psyche
  6842 | D:9      | Reached skill level 1 in Evocations
  7041 | D:10     | Entered Level 10 of the Dungeon
  7052 | D:10     | Noticed AAAAA's ghost (journeyman OgGl)
  7078 | D:10     | Killed AAAAA's ghost
  7239 | D:10     | Reached skill level 14 in Polearms
  7282 | D:10     | Reached skill level 10 in Armour
  7393 | D:10     | Reached XP level 11. HP: 87/101 MP: 11/11
  7415 | D:10     | Noticed a hill giant
  7430 | D:10     | Killed a hill giant
  7750 | D:10     | Found a staircase to the Orcish Mines.
  7849 | D:10     | Noticed a hill giant
  7889 | D:10     | Killed a hill giant
  8170 | D:10     | Noticed a hill giant
  8192 | D:10     | Killed a hill giant
  8430 | Lair:1   | Entered Level 1 of the Lair of Beasts
  8430 | Lair:1   | Noticed Joseph
  8450 | Lair:1   | Killed Joseph
  8450 | Lair:1   | Reached skill level 15 in Polearms
  8558 | Lair:1   | Found a dark tunnel.
  8564 | Volcano  | Entered a volcano
  8819 | Volcano  | Reached skill level 1 in Bows
  9365 | D:10     | Got a brightly glowing quarterstaff
  9371 | D:10     | Identified the +2 quarterstaff of the Nexus {holy, rC+} (You found it on level 10 of the Dungeon)
 10156 | Lair:2   | Reached XP level 12. HP: 105/111 MP: 14/14
 10744 | Lair:3   | Reached skill level 16 in Polearms
 11498 | Lair:3   | Noticed a six-headed hydra
 11506 | Lair:3   | Killed a six-headed hydra
 11668 | Lair:3   | Reached skill level 5 in Bows
 12943 | Lair:4   | Found a staircase to the Shoals.
 13028 | Lair:4   | Received a gift from Trog
 13040 | Lair:4   | Got a fine shortbow {god gift}
 13041 | Lair:4   | Identified the +1 shortbow of Iczub {venom, rC+} (Trog gifted it to you on level 4 of the Lair of Beasts)
 13226 | Lair:4   | Found a hole to the Spider Nest.
 13268 | Lair:4   | Reached skill level 17 in Polearms
 13317 | Lair:4   | Reached XP level 13. HP: 107/119 MP: 15/15
 13599 | Lair:4   | Noticed a six-headed hydra
 13626 | Lair:4   | Killed a six-headed hydra
 14141 | Lair:4   | Upgraded the game from 0.17.0-26-gececa24 to 0.17.0-27-g4a3f43e
 15740 | Lair:6   | Received a gift from Trog
 16028 | Lair:7   | Reached skill level 18 in Polearms
 16122 | Lair:7   | Received a gift from Trog
 17035 | Lair:6   | Reached XP level 14. HP: 84/130 MP: 16/16
 18309 | Lair:7   | Upgraded the game from 0.17.0-27-g4a3f43e to 0.17.0-28-g6e173f8
 18310 | Lair:8   | Entered Level 8 of the Lair of Beasts
 18340 | Lair:7   | HP: 6/132 [spiny frog (7)]
 18341 | Lair:7   | Slain by a vampire mosquito

Action                   |  1- 3 |  4- 6 |  7- 9 | 10-12 | 13-15 || total
-------------------------+-------+-------+-------+-------+-------++-------
Melee: Spear             |    67 |   102 |       |       |       ||   169
       Halberd           |       |   136 |   115 |   284 |    30 ||   565
       Trident           |       |       |   165 |   727 |   562 ||  1454
 Fire: Shortbow          |       |       |       |     3 |       ||     3
Invok: Trog's Hand       |       |     3 |     5 |    10 |       ||    18
       Berserk           |       |     2 |     4 |    15 |     7 ||    28
       Burn Spellbooks   |       |       |       |     2 |     2 ||     4
       Brothers in Arms  |       |       |       |     2 |     5 ||     7
 Abil: Evoke Flight      |       |       |       |     2 |       ||     2
       Stop Flying       |       |       |       |     1 |       ||     1
Evoke: Wand              |       |       |       |     1 |       ||     1
  Use: Scroll            |       |       |     7 |     5 |     1 ||    13
       Potion            |       |       |     1 |     4 |     4 ||     9
 Stab: Invisible         |       |       |       |     3 |       ||     3
       Distracted        |       |       |       |       |     1 ||     1
  Eat: Chunk             |       |     7 |     9 |    22 |    18 ||    56
       Meat ration       |       |     1 |     1 |     3 |       ||     5
       Beef jerky        |       |       |     1 |       |     2 ||     3
       Pizza             |       |       |       |     3 |     1 ||     4
       Royal jelly       |       |       |       |       |     1 ||     1
